 Dungeon Crawl Stone Soup version 0.17.1-1-g73c8601 (webtiles) character file.

70634 Miyamura the Fighter (level 14, -6/129 HPs)
             Began as a Pale Draconian Air Elementalist on Dec 27, 2015.
             Was the Champion of Vehumet.
             Mangled by a catoblepas (12 damage)
             ... on level 8 of the Lair of Beasts.
             The game lasted 02:16:58 (34141 turns).

Miyamura the Fighter (DrAE)                        Turns: 34141, Time: 02:16:59

Health: -6/129     AC: 13    Str:  8    XL:     14   Next: 94%
Magic:  17/28      EV:  2    Int: 19    God:    Vehumet [******]
Gold:   710        SH:  0    Dex: 12    Spells: 9 memorised, 6 levels left

rFire  + . .     SeeInvis .     y - +8 demon blade "Leech" {vamp, rN+ AC-2 EV-2 Str-2 Int-2 Dex-2}
rCold  + . .     Clarity  +     (armour unavailable)
rNeg   + + +     SustAt   .     (no shield)
rPois  ∞         Gourm    .     M - +2 hat
rElec  +         Spirit   .     l - +0 cloak of Gallantry {-Tele rElec rF+ rN+++}
rCorr  .         Warding  .     J - +0 pair of gloves
rMut   .         NoTele   +     k - +2 pair of boots
MR     +....                    t - amulet of regeneration
Stlth  ++........               D - +4 ring of evasion
                                U - ring "Utishrui" {Wiz rPois rC+}

@: petrified, very slightly contaminated, studying Air Magic, repel missiles,
somewhat resistant to hostile enchantments, unstealthy
A: breathe steam, unfitting armour, agile 1, clarity, cold-blooded, AC +8
a: Breathe Steam, Renounce Religion


You were on level 8 of the Lair of Beasts.
You worshipped Vehumet.
Vehumet was exalted by your worship.
You were hungry.

You visited 4 branches of the dungeon, and saw 23 of its levels.
You also visited: Bailey.

You collected 2445 gold pieces.
You spent 1735 gold pieces at shops.

Inventory:

Hand Weapons
 y - the +8 demon blade "Leech" (weapon) {vamp, rN+ AC-2 EV-2 Str-2 Int-2 Dex-2}
   (You found it on level 2 of the Lair of Beasts)

   It inflicts no extra harm, but heals its wielder somewhat when it strikes a
   living foe.
   It affects your AC (-2).
   It affects your evasion (-2).
   It affects your strength (-2).
   It affects your intelligence (-2).
   It affects your dexterity (-2).
   It protects you from negative energy.
 S - a +0 broad axe of flaming
Armour
 k - a +2 pair of boots (worn)
 l - the +0 cloak of Gallantry (worn) {-Tele rElec rF+ rN+++}
   (You found it on level 6 of the Lair of Beasts)

   It protects you from fire.
   It insulates you from electricity.
   It renders you almost immune to negative energy.
   It prevents most forms of teleportation.
 J - a +0 pair of gloves (worn)
 L - a +2 cloak
 M - a +2 hat (worn)
Jewellery
 f - an uncursed ring of teleportation
 n - an uncursed ring of invisibility
 q - an uncursed ring of protection from fire
 t - an amulet of regeneration (around neck)
 C - an uncursed amulet of stasis
 D - a +4 ring of evasion (right hand)
 F - an uncursed ring of sustain attributes
 U - the ring "Utishrui" (left hand) {Wiz rPois rC+}
   (You bought it in a shop on level 4 of the Orcish Mines)

   [ring of wizardry]

   It improves your spell success rate.
   It protects you from cold.
   It protects you from poison.
Wands
 v - a wand of paralysis (5)
 A - a wand of slowing (14)
 K - a wand of frost (23)
 V - a wand of heal wounds (4)
 W - a wand of fireball (9)
Scrolls
 e - a scroll of blinking
 s - a scroll of amnesia
 u - 7 scrolls of teleportation
 x - 12 scrolls of remove curse
 B - 3 scrolls of recharging
 E - 4 scrolls of enchant weapon
 O - 2 scrolls of fog
 Q - a scroll of fear
 X - 5 scrolls of identify
Potions
 c - 2 potions of mutation
 d - a potion of might
 g - a potion of haste
 h - a potion of resistance
 j - a potion of berserk rage
 o - 2 potions of lignification
 r - a potion of cancellation
 w - a potion of magic
 z - 4 potions of curing
 H - 2 potions of flight
 N - 4 potions of brilliance
 T - 3 potions of heal wounds
 Y - a potion of agility
Books
 i - a book of Necromancy

   Spells                             Type                      Level
   a - Pain                           Necromancy                   1
   b - Animate Skeleton               Necromancy                   1
   c - Vampiric Draining              Necromancy                   3
   d - Regeneration                   Charms/Necromancy            3
   e - Animate Dead                   Necromancy                   4
   f - Control Undead                 Necromancy                   4
 P - a book of Fire

   Spells                             Type                      Level
   a - Ignite Poison                  Fire/Transmutation/Poison    3
   b - Fireball                       Conjuration/Fire             5
   c - Bolt of Fire                   Conjuration/Fire             6
   d - Delayed Fireball               Conjuration/Fire             7
   e - Ring of Flames                 Charms/Fire                  7
 R - a manual of Air Magic
Miscellaneous
 Z - a lamp of fire
Comestibles
 a - 3 chunks of flesh
 b - 8 bread rations
 m - 3 fruits
 G - 6 slices of pizza
 I - 6 meat rations


   Skills:
 + Level 13.5 Fighting
 + Level 7.5 Long Blades
 - Level 7.0 Axes
 + Level 10.3 Dodging
 - Level 4.0 Stealth
 + Level 10.4 Spellcasting
 - Level 8.9 Conjurations
 - Level 4.7 Fire Magic
 - Level 9.2 Air Magic
 - Level 3.9 Earth Magic
 + Level 6.8 Evocations


You had 6 spell levels left.
You knew the following spells:

 Your Spells              Type           Power        Failure   Level  Hunger
a - Shock                 Conj/Air       ####         1%          1    None
b - Sting                 Conj/Pois      ####         1%          1    None
c - Stone Arrow           Conj/Erth      ####..       1%          3    None
d - Static Discharge      Conj/Air       #####...     1%          3    None
e - Lightning Bolt        Conj/Air       #####.....   1%          5    #####..
g - Bolt of Magma         Conj/Fire/Erth ####......   2%          5    #####..
h - Fireball              Conj/Fire      #####.....   1%          5    #####..
s - Swiftness             Chrm/Air       ####....     1%          2    None
R - Repel Missiles        Chrm/Air       ####..       1%          2    None


Dungeon Overview and Level Annotations

Branches:
Dungeon (10/15)            Temple (1/1) D:6            Lair (8/8) D:10
  Swamp (0/4) Lair:3       Spider (0/4) Lair:6          Orc (4/4) D:10
    Elf (0/3) Orc:3
  Slime: Lair:6-8

Altars:
Ashenzari
Cheibriados
Dithmenos
Elyvilon
Fedhas
Gozag
Kikubaaqudgha
Makhleb
Nemelex Xobeh
Okawaru
Qazlal
Ru
Sif Muna
Trog
Vehumet
Xom
Yredelemnul
Zin
The Shining One
Beogh

Shops:
D:7 (   Orc:4 *!=[


Innate Abilities, Weirdness & Mutations

You can breathe blasts of scalding, opaque steam.
Your pale cyan-grey scales are hard (AC +8).
Your body does not fit into most forms of armour.
You are cold-blooded and may be slowed by cold attacks.
You are agile. (Dex +2)
You possess an exceptional clarity of mind.


Message History

The spiny frog gives a loud, deep croak!
The spiny frog stings you!!
The catoblepas gores you but does no damage.
The spiny frog stings you! The catoblepas gores you.
The spiny frog stings you!! The catoblepas gores you!
* * * LOW HITPOINT WARNING * * *
The spiny frog stings you!
* * * LOW HITPOINT WARNING * * *
The catoblepas breathes a plume of calcifying dust at you.
The blast of calcifying dust hits you!
* * * LOW HITPOINT WARNING * * *
The spiny frog stings you!
* * * LOW HITPOINT WARNING * * *
You are engulfed in calcifying dust.
The spiny frog stops moving altogether!
The catoblepas gores you!
* * * LOW HITPOINT WARNING * * *
You are engulfed in calcifying dust.
The catoblepas gores you!!
* * * LOW HITPOINT WARNING * * *
You are engulfed in calcifying dust.
The catoblepas gores you!!
You die...

≈≈≈≈..P.P...#
.≈≈≈.PPPP..##
≈≈≈.P.P...#
≈≈.≈≈≈≈......##
≈≈≈≈≈≈≈≈......###
.≈≈≈≈≈≈≈≈........#
..≈≈≈≈≈.≈..§...###
...(...≈≈.....§...#
....P..........@.###
....#..........FY..#
).................##
..................P#
.....8............###
............8.....#
.......8........###
.........8....##
.....8......###


You could see a catoblepas and a spiny frog (petrified).

Vanquished Creatures
  Gastronok (D:9)
  2 orc warlords
  Fannar (Lair:1)
  5 hydras
  The ghost of abixa the Bludgeoner, a novice OgHu of Okawaru (Lair:2)
  A catoblepas (Lair:4)
  Erica (Lair:1)
  10 death yaks
  4 orc high priests
  2 hill giants (D:10)
  An unseen horror (D:10)
  Pikel (D:7)
  4 griffons
  10 orc knights
  8 elephants (Lair:4)
  An orc sorcerer (Orc:4)
  A cyclops (Orc:2)
  6 black mambas
  15 spiny frogs
  7 komodo dragons
  5 fire drakes
  A troll (D:10)
  3 two-headed ogres
  8 blink frogs
  A wraith (D:10)
  A deep elf mage (D:9)
  52 yaks
  A hog (D:6)
  3 basilisks
  A hungry ghost (D:10)
  A human (D:7)
  4 hippogriffs
  6 swamp worms (Lair:3)
  8 wargs
  16 wolves
  10 water moccasins
  11 porcupines
  An ice beast (D:9)
  51 orc warriors
  An eye of draining (D:9)
  7 ogres
  2 necrophages
  10 crocodiles
  4 phantoms
  3 slaves
  16 giant frogs
  2 big kobolds
  11 scorpions
  13 killer bees
  A vampire bat (D:4)
  15 wights
  2 centaur zombies
  3 crimson imps
  3 electric eels
  4 jellies
  11 hounds
  A gnoll shaman (D:5)
  A giant frog zombie (D:7)
  35 orc priests
  Ijyb (D:1)
  2 giant frog skeletons
  A centaur skeleton (D:7)
  13 worker ants
  20 orc wizards
  7 iguanas
  A killer bee zombie (D:7)
  19 sheep
  A hound zombie (D:10)
  A hound skeleton (D:5)
  Robin (D:4)
  19 gnolls
  101 river rats
  14 adders
  2 shadow imps
  An ooze (D:3)
  An adder zombie (D:9)
  An adder skeleton (D:9)
  4 worms
  12 giant geckos
  183 orcs
  2 spectral bats (D:4)
  18 bats
  3 bat skeletons (D:4)
  A bat zombie (D:4)
  3 fire bats (D:4)
  5 giant cockroaches
  22 hobgoblins
  5 quokkas
  5 ball pythons
  A bat simulacrum (D:4)
  A giant gecko skeleton (D:8)
  6 giant newts
  2 gnoll zombies (D:2)
  36 goblins
  20 jackals
  20 kobolds
  12 rats
  2 fungi
  5 toadstools (D:1)
985 creatures vanquished.

Vanquished Creatures (others)
  A quokka (D:8)
  22 fungi
  10 plants
33 creatures vanquished.

Grand Total: 1018 creatures vanquished

Notes
Turn   | Place    | Note
--------------------------------------------------------------
     0 | D:1      | Miyamura the Draconian Air Elementalist began the quest for the Orb.
     0 | D:1      | Reached XP level 1. HP: 14/14 MP: 3/3
   278 | D:1      | Reached XP level 2. HP: 22/22 MP: 1/5
   331 | D:1      | Learned a level 2 spell: Swiftness
   334 | D:1      | Learned a level 2 spell: Repel Missiles
   968 | D:1      | Reached XP level 3. HP: 13/27 MP: 2/6
  1202 | D:1      | Reached skill level 1 in Fighting
  1731 | D:2      | Noticed Ijyb
  1870 | D:1      | Killed Ijyb
  1870 | D:1      | Reached XP level 4. HP: 24/36 MP: 2/8
  2172 | D:1      | Learned a level 3 spell: Static Discharge
  3033 | D:2      | Reached XP level 5. HP: 36/41 MP: 7/9
  3184 | D:2      | Found a shattered altar of Ashenzari.
  3286 | D:2      | Found a basalt altar of Yredelemnul.
  5402 | D:3      | Found a sparkling altar of Nemelex Xobeh.
  5516 | D:4      | Reached XP level 6. HP: 34/50 MP: 0/11
  6138 | D:4      | Reached skill level 4 in Air Magic
  6317 | D:4      | Noticed Robin
  6705 | D:4      | Killed Robin
  7131 | D:4      | Your scales start taking on a pale cyan-grey colour.
  7131 | D:4      | Reached XP level 7. HP: 57/57 MP: 12/12
  7494 | D:5      | Entered Level 5 of the Dungeon
  7614 | D:5      | Reached skill level 5 in Air Magic
  7810 | D:5      | Found a bloodstained altar of Trog.
  8215 | D:6      | Reached XP level 8. HP: 63/66 MP: 1/14
  8470 | D:6      | Found a staircase to the Ecumenical Temple.
  8484 | Temple   | Entered the Ecumenical Temple
  8598 | Temple   | Became a worshipper of Vehumet
  8672 | D:6      | Found a shattered altar of Ashenzari.
  9407 | D:7      | Reached skill level 5 in Spellcasting
  9596 | D:7      | Reached skill level 6 in Air Magic
  9632 | D:7      | Reached skill level 5 in Fighting
  9633 | D:7      | Found Muplur's Weapon Emporium.
  9778 | D:7      | Reached * piety under Vehumet
  9778 | D:7      | Offered knowledge of Sting by Vehumet.
  9781 | D:7      | Learned a level 1 spell: Sting
  9988 | D:6      | Reached XP level 9. HP: 72/74 MP: 8/17
 10652 | D:7      | Found a snail-covered altar of Cheibriados.
 10744 | D:7      | Reached skill level 5 in Dodging
 10765 | D:7      | Reached skill level 5 in Conjurations
 10884 | D:8      | Reached skill level 7 in Air Magic
 10937 | D:8      | Reached ** piety under Vehumet
 10939 | D:8      | Offered knowledge of Flame Tongue by Vehumet.
 10949 | D:8      | Learned a level 1 spell: Flame Tongue
 11059 | D:8      | Noticed Pikel
 11360 | D:7      | Killed Pikel
 11733 | D:8      | Found a glowing silver altar of Zin.
 11734 | D:8      | Noticed an angel
 11995 | D:8      | Reached XP level 10. HP: 82/84 MP: 4/19
 12227 | D:8      | Found a sacrificial altar of Ru.
 12228 | D:8      | Found an opulent altar of Gozag.
 12232 | D:8      | Found a stormy altar of Qazlal.
 12302 | D:8      | Found a burning altar of Makhleb.
 12302 | D:8      | Found a white marble altar of Elyvilon.
 12304 | D:8      | Found a sparkling altar of Nemelex Xobeh.
 12484 | D:9      | Offered knowledge of Stone Arrow by Vehumet.
 12721 | D:9      | Reached *** piety under Vehumet
 12769 | D:9      | Learned a level 3 spell: Stone Arrow
 12861 | D:9      | Reached skill level 8 in Air Magic
 12950 | D:9      | Learned a level 5 spell: Lightning Bolt
 13306 | D:9      | Noticed Gastronok
 13365 | D:9      | Killed Gastronok
 13623 | D:9      | Offered knowledge of Olgreb's Toxic Radiance by Vehumet.
 13813 | D:9      | Reached XP level 11. HP: 88/94 MP: 10/22
 14421 | D:10     | Entered Level 10 of the Dungeon
 14421 | D:10     | Noticed a hill giant
 14445 | D:10     | Killed a hill giant
 14445 | D:10     | Reached **** piety under Vehumet
 14445 | D:10     | Reached skill level 9 in Air Magic
 14678 | D:10     | Offered knowledge of Bolt of Magma by Vehumet.
 14694 | D:10     | Learned a level 5 spell: Bolt of Magma
 14785 | D:10     | Reached skill level 1 in Fire Magic
 14787 | D:10     | Noticed a hill giant
 15072 | D:10     | Found a flagged portal.
 15075 | D:10     | Reached ***** piety under Vehumet
 15082 | Bailey   | Entered a bailey
 15102 | Bailey   | Offered knowledge of Orb of Destruction by Vehumet.
 15372 | Bailey   | Reached skill level 1 in Earth Magic
 15713 | Bailey   | Noticed an orc warlord
 16052 | Bailey   | Killed an orc warlord
 16390 | D:10     | Killed an unseen horror
 16467 | D:10     | Offered knowledge of Throw Icicle by Vehumet.
 16470 | D:10     | Found a staircase to the Lair.
 17157 | D:10     | Reached XP level 12. HP: 83/105 MP: 15/24
 17215 | D:10     | Gained mutation: You possess an exceptional clarity of mind. [potion of beneficial mutation]
 17216 | D:10     | Gained mutation: You are agile. (Dex +2) [potion of beneficial mutation]
 17380 | D:10     | Killed a hill giant
 17519 | D:10     | Found a staircase to the Orcish Mines.
 17672 | Lair:1   | Entered Level 1 of the Lair of Beasts
 17672 | Lair:1   | Noticed Fannar
 17679 | Lair:1   | Killed Fannar
 17815 | Lair:1   | Noticed a four-headed hydra
 18133 | Orc:1    | Entered Level 1 of the Orcish Mines
 18152 | Orc:1    | Reached skill level 1 in Long Blades
 18243 | Orc:1    | Found a roughly hewn altar of Beogh.
 18833 | Orc:1    | Offered knowledge of Poisonous Cloud by Vehumet.
 19335 | Orc:2    | Found a roughly hewn altar of Beogh.
 19562 | Orc:3    | Found a staircase to the Elven Halls.
 20011 | Orc:4    | Entered Level 4 of the Orcish Mines
 20742 | Orc:3    | HP: 5/106 [/static electricity (3)]
 21182 | Orc:4    | Reached skill level 10 in Fighting
 21182 | Orc:4    | Reached skill level 1 in Axes
 22102 | Orc:4    | Noticed an orc warlord
 22265 | Orc:4    | Reached ****** piety under Vehumet
 22437 | Orc:4    | Offered knowledge of Irradiate by Vehumet.
 22437 | Orc:4    | Reached skill level 11 in Fighting
 22725 | Orc:3    | Killed an orc warlord
 22725 | Orc:3    | Reached skill level 5 in Axes
 22725 | Orc:3    | Reached XP level 13. HP: 70/116 MP: 3/25
 23238 | Orc:4    | Learned a level 5 spell: Fireball
 23614 | Orc:4    | Found Fecolit's Distillery.
 23614 | Orc:4    | Found Emoh's Assorted Antiques.
 24057 | Orc:4    | Found Zoath's Jewellery Boutique.
 24059 | Orc:4    | Found Sekh's Antique Armour Shop.
 24068 | Orc:4    | Bought 2 potions of heal wounds for 170 gold pieces
 24071 | Orc:4    | Bought the ring "Utishrui" {Wiz rPois rC+} for 819 gold pieces
 24078 | Orc:4    | Bought a potion of curing for 69 gold pieces
 24082 | Orc:4    | Bought a potion of brilliance for 68 gold pieces
 24082 | Orc:4    | Bought a potion of invisibility for 136 gold pieces
 24082 | Orc:4    | Bought a potion of flight for 51 gold pieces
 24083 | Orc:4    | Bought a cloak for 112 gold pieces
 24103 | Orc:4    | Bought a scroll of identify for 46 gold pieces
 24103 | Orc:4    | Bought an encrusted brass wand for 92 gold pieces
 24103 | Orc:4    | Bought a scroll of enchant armour for 172 gold pieces
 24251 | Lair:1   | Killed a one-headed hydra
 24426 | Lair:1   | Reached skill level 1 in Evocations
 24641 | Lair:1   | Noticed Erica
 24651 | Lair:1   | Killed Erica
 25472 | Lair:2   | Offered knowledge of Poison Arrow by Vehumet.
 25820 | Lair:2   | Noticed abixa's ghost (novice OgHu)
 26429 | Lair:1   | Reached skill level 12 in Fighting
 27092 | Lair:2   | Killed abixa's ghost
 27726 | Lair:3   | Offered knowledge of Conjure Ball Lightning by Vehumet.
 27863 | Lair:3   | Found a staircase to the Swamp.
 28381 | Lair:4   | Reached skill level 5 in Long Blades
 28967 | Lair:4   | Reached XP level 14. HP: 124/127 MP: 27/27
 29201 | Lair:4   | Found an iron altar of Okawaru.
 30024 | Lair:5   | Got a clouded copper ring
 30026 | Lair:5   | Identified the cursed ring "Rugiv" {rN+ Str-2 Int+5 Dex-4} (You found it on level 5 of the Lair of Beasts)
 30047 | Lair:5   | Reached skill level 5 in Evocations
 31157 | Lair:4   | Reached skill level 13 in Fighting
 31435 | Lair:5   | Offered knowledge of Spellforged Servitor by Vehumet.
 31435 | Lair:5   | Reached skill level 10 in Spellcasting
 31861 | Lair:6   | Reached skill level 10 in Dodging
 32130 | Lair:6   | Found a hole to the Spider Nest.
 32187 | Lair:6   | Got a transparent cloak
 32198 | Lair:6   | Identified the +0 cloak of Gallantry {-Tele rElec rF+ rN+++} (You found it on level 6 of the Lair of Beasts)
 34018 | Lair:8   | Entered Level 8 of the Lair of Beasts
 34140 | Lair:8   | HP: 5/129 [catoblepas (12)]
 34141 | Lair:8   | Mangled by a catoblepas

Action                   |  1- 3 |  4- 6 |  7- 9 | 10-12 | 13-15 || total
-------------------------+-------+-------+-------+-------+-------++-------
Melee: Unarmed           |    75 |   105 |       |       |       ||   180
       Dagger            |       |    89 |   370 |   337 |       ||   796
       Falchion          |       |       |       |   201 |       ||   201
       Broad axe         |       |       |       |    38 |   331 ||   369
       Battleaxe         |       |       |       |     4 |       ||     4
       Demon blade       |       |       |       |       |   865 ||   865
 Cast: Shock             |    72 |   108 |    33 |    16 |       ||   229
       Swiftness         |     2 |       |       |       |     1 ||     3
       Static Discharge  |       |    41 |   118 |   337 |   141 ||   637
       Sting             |       |       |    21 |    24 |       ||    45
       Flame Tongue      |       |       |     2 |    14 |       ||    16
       Repel Missiles    |       |       |     1 |     1 |       ||     2
       Lightning Bolt    |       |       |       |    42 |    36 ||    78
       Stone Arrow       |       |       |       |     4 |    24 ||    28
       Bolt of Magma     |       |       |       |     4 |     1 ||     5
       Fireball          |       |       |       |       |    11 ||    11
 Abil: Breathe Steam     |       |       |     8 |    45 |    13 ||    66
       Evoke Invisibilit |       |       |       |     2 |       ||     2
Evoke: Wand              |       |       |       |    21 |       ||    21
  Use: Scroll            |     2 |     9 |     8 |    10 |    20 ||    49
       Potion            |       |     1 |       |     8 |     1 ||    10
 Stab: Sleeping          |       |     6 |     8 |     6 |     6 ||    26
       Distracted        |       |       |     2 |     1 |     2 ||     5
       Invisible         |       |       |       |       |     1 ||     1
  Eat: Chunk             |     2 |    18 |    21 |    64 |    48 ||   153
       Meat ration       |     1 |       |     1 |       |     2 ||     4
       Beef jerky        |       |       |       |     1 |     7 ||     8
       Royal jelly       |       |       |       |       |     1 ||     1
       Fruit             |       |       |       |       |     1 ||     1
       Pizza             |       |       |       |       |     1 ||     1
